 Dungeon Crawl Stone Soup version 0.23-a0-417-gf02c810438 (webtiles) character file.

4316 Notair the Spear-Bearer (level 10, -1/91 HPs)
             Began as a Minotaur Gladiator on Nov 10, 2018.
             Was a Follower of Okawaru.
             Slain by a two-headed ogre
             ... wielding a +0 giant club
              (10 damage)
             ... on level 7 of the Dungeon.
             The game lasted 00:18:54 (6807 turns).

Notair the Spear-Bearer (Minotaur Gladiator)        Turns: 6807, Time: 00:18:54

Health: -1/91      AC: 10    Str: 19    XL:     10   Next: 11%
Magic:  18/18      EV: 11    Int:  8    God:    Okawaru [*.....]
Gold:   371        SH:  0    Dex: 12    Spells: 9/9 levels left

rFire    . . .     SeeInvis +   a - +0 trident
rCold    . . .     Gourm    .   (no shield)
rNeg     . . .     Faith    .   y - +3 scale mail of the Present {MP+9 SInv}
rPois    .         Spirit   .   c - +0 hat
rElec    .         Reflect  .   J - -2 cloak (curse)
rCorr    .         Harm     .   i - +0 pair of gloves
MR       .....                  (no boots)
Stlth    ..........             (no amulet)
HPRegen  0.25/turn              (no ring)
MPRegen  0.16/turn              (no ring)

@: no status effects
A: retaliatory headbutt, horns 2
a: Heroism, Renounce Religion


You were on level 7 of the Dungeon.
You worshipped Okawaru.
Okawaru was aware of your devotion.
You were very hungry.

You visited 2 branches of the dungeon, and saw 9 of its levels.

You collected 371 gold pieces.

Inventory:

Hand Weapons
 a - a +0 trident (weapon)
Missiles
 h - 256 stones (quivered)
 k - 130 bolts
 t - 17 poisoned needles
 v - 23 sling bullets
Armour
 b - a +0 leather armour
 c - a +0 hat (worn)
 i - a +0 pair of gloves (worn)
 y - the +3 scale mail of the Present (worn) {MP+9 SInv}
   (You found it on level 4 of the Dungeon)

   It affects your magic capacity (+9).
   It lets you see invisible.
 J - a cursed -2 cloak (worn)
Jewellery
 d - an uncursed amulet of rage
 B - an uncursed amulet of magic regeneration
 C - a cursed -3 ring of protection {unknown}
Wands
 m - a wand of polymorph (4)
 I - a wand of paralysis (10)
Scrolls
 e - 4 scrolls of remove curse
 n - a scroll of random uselessness {unknown}
 o - 3 scrolls of teleportation
 q - a scroll of noise {unknown}
 r - a scroll of fear {unknown}
 s - a scroll of enchant weapon {unknown}
 u - a scroll of blinking {unknown}
 w - 2 scrolls of amnesia {unknown}
 E - a scroll of immolation {unknown}
 G - a scroll of identify
Potions
 g - 3 potions of heal wounds
 j - 2 potions of agility
 l - 2 potions of cancellation
 p - a potion of resistance {unknown}
 x - 2 potions of haste
 z - 4 potions of curing
 A - a potion of berserk rage {unknown}
 D - a potion of magic {unknown}
 F - a potion of mutation {unknown}
 H - a potion of lignification {unknown}
Comestibles
 f - 6 rations


   Skills:
 + Level 9.3 Fighting
 * Level 14.0 Polearms
 - Level 2.0 Throwing
 - Level 4.6 Armour
 - Level 3.2 Dodging
 - Level 1.2 Stealth


You had 9 spell levels left.
You didn't know any spells.
Your spell library was empty.

Dungeon Overview and Level Annotations

Branches:
Dungeon (8/15)             Temple (1/1) D:6
   Lair: D:8-11

Altars:
Ashenzari
Cheibriados
Dithmenos
Elyvilon
Fedhas
Gozag
Hepliaklqana
Kikubaaqudgha
Makhleb
Nemelex Xobeh
Okawaru
Qazlal
Ru
Sif Muna
Uskayaw
Vehumet
Wu Jian
Xom
Zin


Innate Abilities, Weirdness & Mutations

You reflexively headbutt those who attack you in melee.
You have a pair of horns on your head.


Message History

You hit the two-headed ogre.
The two-headed ogre is moderately wounded.
You hit the two-headed ogre.
The two-headed ogre is moderately wounded.
You hit the two-headed ogre but do no damage.
The two-headed ogre is moderately wounded.
The two-headed ogre hits you but does no damage.
The two-headed ogre hits you with a +0 dire flail of crushing!!
* * * LOW HITPOINT WARNING * * *
x2
Okay, then.
Quiver which item? (- for none, * to show all) (? for menu, Esc to quit)
Okay, then.
You feel much better. The two-headed ogre misses you. You furiously retaliate!
You headbutt the two-headed ogre.
The two-headed ogre hits you with a +0 dire flail of crushing!
* * * LOW HITPOINT WARNING * * *
x2 The two-headed ogre hits you with a +0 giant club!
* * * LOW HITPOINT WARNING * * *
The two-headed ogre hits you with a +0 dire flail of crushing!
You die...

##.##)##..# #.#.
#.##[##..#########รท#.
#..#.##..........#'##
##.#.##.##...........
#........+...........
#..#.##.##...........
#..#.##.##...........
#....##.##......^....
#.#O@##.##...........
#...>##.###'#########
#######.# #.# #.# #.#
#.# #.# #.# #.#
#.###.# #.....#
#######


You could see a two-headed ogre.

Vanquished Creatures
  A two-headed ogre (D:3)
  Pikel (D:5)
  Grinder (D:3)
  Prince Ribbit (D:5)
  6 yaks (D:7)
  Edmund (D:3)
  2 slaves (D:5)
  A phantom (D:6)
  A black bear (D:6)
  2 necrophages
  A sky beast (D:6)
  An ogre (D:4)
  A big kobold (D:3)
  A bullfrog (D:7)
  8 wights (D:6)
  3 howler monkeys (D:7)
  2 bullfrog zombies
  A quasit (D:6)
  3 hounds
  3 orc wizards (D:7)
  A jelly (D:5)
  A bullfrog skeleton (D:7)
  A centaur zombie (D:5)
  An iguana (D:7)
  Ijyb (D:4)
  6 worker ants
  A worker ant zombie (D:5)
  10 adders
  An ooze (D:2)
  An adder zombie (D:7)
  An adder skeleton (D:4)
  2 worms
  3 dart slugs
  3 leopard geckos
  15 orcs
  6 bats
  4 giant cockroaches
  7 goblins
  5 hobgoblins
  16 jackals
  6 kobolds
  A quokka (D:4)
  2 ball pythons (D:2)
  3 frilled lizards
  A leopard gecko skeleton (D:5)
  A leopard gecko zombie (D:5)
  7 rats
148 creatures vanquished.

Notes
Turn   | Place    | Note
-------+----------+-------------------------------------------
     0 | D:1      | Notair the Minotaur Gladiator began the quest for the Orb.
     0 | D:1      | Reached XP level 1. HP: 18/18 MP: 0/0
    87 | D:1      | Reached skill level 4 in Polearms
   267 | D:1      | Reached XP level 2. HP: 23/25 MP: 1/1
   433 | D:1      | Reached skill level 1 in Armour
   559 | D:1      | Reached XP level 3. HP: 30/30 MP: 2/2
   743 | D:2      | Reached skill level 5 in Polearms
   938 | D:2      | Found a glowing silver altar of Zin.
  1012 | D:2      | Reached XP level 4. HP: 37/37 MP: 3/3
  1885 | D:3      | Found a faded altar of an unknown god.
  2166 | D:3      | Found a burning altar of Makhleb.
  2170 | D:3      | Found a white marble altar of Elyvilon.
  2270 | D:3      | Noticed a two-headed ogre
  2281 | D:3      | Killed a two-headed ogre
  2281 | D:3      | Reached skill level 8 in Polearms
  2281 | D:3      | Reached skill level 1 in Stealth
  2281 | D:3      | Reached XP level 5. HP: 34/46 MP: 4/4
  2281 | D:3      | Reached XP level 6. HP: 38/52 MP: 5/5
  2281 | D:3      | Reached XP level 7. HP: 43/58 MP: 6/6
  2551 | D:3      | Reached skill level 9 in Polearms
  2570 | D:3      | Noticed Grinder
  2610 | D:3      | Killed Grinder
  2610 | D:3      | Reached XP level 8. HP: 51/67 MP: 7/7
  2757 | D:4      | Noticed Edmund
  2789 | D:3      | Killed Edmund
  2789 | D:3      | Reached skill level 5 in Fighting
  2891 | D:4      | Got a faintly humming scale mail
  2929 | D:4      | Identified the +3 scale mail of the Present {MP+9 SInv}
                  | (You found it on level 4 of the Dungeon)
  2967 | D:4      | Noticed Ijyb
  2997 | D:4      | Killed Ijyb
  3010 | D:4      | Reached skill level 10 in Polearms
  3319 | D:4      | Found a shattered altar of Ashenzari.
  3406 | D:4      | Found a snail-covered altar of Cheibriados.
  3578 | D:5      | Entered Level 5 of the Dungeon
  3610 | D:5      | Noticed Prince Ribbit
  3617 | D:5      | Killed Prince Ribbit
  3727 | D:5      | Reached skill level 11 in Polearms
  3830 | D:5      | Noticed Pikel
  3857 | D:5      | Killed Pikel
  3857 | D:5      | Reached XP level 9. HP: 78/79 MP: 8/8
  4058 | D:5      | Found a hazy altar of Hepliaklqana.
  4117 | D:5      | Found a sacrificial altar of Ru.
  4661 | D:6      | Reached skill level 12 in Polearms
  5129 | D:6      | Found a staircase to the Ecumenical Temple.
  5163 | Temple   | Entered the Ecumenical Temple
  5214 | Temple   | Became a worshipper of Warmaster Okawaru
  5434 | D:6      | Found a shadowy altar of Dithmenos.
  5924 | D:7      | Reached skill level 13 in Polearms
  5970 | D:7      | Reached * piety under Okawaru
  6001 | D:7      | Reached XP level 10. HP: 36/91 MP: 9/9
  6655 | D:7      | Reached skill level 14 in Polearms
  6790 | D:8      | Noticed a two-headed ogre
  6807 | D:7      | Slain by a two-headed ogre

Vault maps used:
D:1:      ebering_hopf_link
D:2:      nicolae_overflow_hidden_temple, first_ration,
          kennysheep_generic_room_8
D:3:      minitemple, chequers_ecumenical_altar_island, uniq_grinder
D:4:      cheibriados_altar_1, kennysheep_mini, uniq_edmund, uniq_ijyb
D:5:      old_standard_altar, hangedman_ru_absence, uniq_prince_ribbit1,
          uniq_pikel
D:6:      grunt_dithmenos_smoke, temple_pool_b
D:8:      the_bakery, uniq_erica
Temple:   nicolae_temple_hex_pool

Skill      XL: |  1  2  3  4  5  6  7  8  9 10 |
---------------+-------------------------------+-----
Polearms       | 4 5 8 9 11 13 14 | 14.0
Armour         | 1 4 |  4.6
Fighting       | 3 4 7 9 |  9.3
Stealth        | 1 |  1.2
Throwing       | |  2.0
Dodging        | |  3.2

Action                   |  1- 3 |  4- 6 |  7- 9 | 10-12 || total
-------------------------+-------+-------+-------+-------++-------
Melee: Trident           |    72 |    68 |   369 |    63 ||   572
       Headbutt          |     8 |     8 |    69 |     9 ||    94
Throw: Throwing net      |       |     2 |     5 |       ||     7
       Stone             |       |       |    16 |     2 ||    18
  Use: Scroll            |       |       |    12 |       ||    12
       Potion            |       |       |       |     1 ||     1
 Stab: Sleeping          |     1 |       |       |       ||     1
       Held in net/web   |       |     1 |     1 |       ||     2
       Distracted        |       |       |     1 |       ||     1
  Eat: Chunk             |       |     4 |     9 |     1 ||    14
       Ration            |       |       |     1 |       ||     1
Armor: Leather armour    |    14 |     7 |     8 |       ||    29
       Scale mail        |       |       |    58 |    15 ||    73
Dodge: Dodged            |    30 |    25 |   107 |    20 ||   182

Table legend:
 A = Non-vault XP
 B = Vault XP
 C = Vault XP percentage of total XP
 D = Non-vault monster count
 E = Vault monster count
 F = Vault count percentage of total count
                 A         B        C        D         E       F
            +---------+---------+-------+---------+---------+-------
      Total |    4741 |    1426 |  23.1 |     139 |       7 |   4.8
            +---------+---------+-------+---------+---------+-------
        D:1 |      45 |       0 |   0.0 |      23 |       0 |   0.0
        D:2 |      92 |       3 |   3.2 |      18 |       2 |  10.0
        D:3 |    1051 |     426 |  28.8 |      19 |       2 |   9.5
        D:4 |     254 |      36 |  12.4 |      13 |       1 |   7.1
        D:5 |     261 |     961 |  78.6 |      18 |       2 |  10.0
        D:6 |    1110 |       0 |   0.0 |      22 |       0 |   0.0
        D:7 |    1928 |       0 |   0.0 |      26 |       0 |   0.0
            +---------+---------+-------+---------+---------+-------
